 Dungeon Crawl Stone Soup version 0.28.0-53-g5a82cb258f (webtiles) character file.

Game seed: 18361331422232635866

9 Neuros91 the Slasher (level 2, 20/22 HPs)
             Began as a Human Gladiator on June 15, 2022.
             Quit the game on level 1 of the Dungeon on June 16, 2022.
             The game lasted 00:01:32 (442 turns).

Neuros91 the Slasher (Human Gladiator)               Turns: 442, Time: 00:01:33

Health: 20/22      AC:  4    Str: 14    XL:     2   Next: 25%
Magic:  2/2        EV: 12    Int:  8    God:
Gold:   15         SH:  0    Dex: 14    Spells: 1/1 levels left

rFire   . . .      SeeInvis .   a - +0 long sword
rCold   . . .      Faith    .   (no shield)
rNeg    . . .      Spirit   .   b - +0 leather armour
rPois   .          Reflect  .   c - +0 helmet
rElec   .          Harm     .   (no cloak)
rCorr   .          Rampage  .   (no gloves)
Will    .....                   (no boots)
Stlth   +.........              (no amulet)
HPRegen 0.07/turn               (no ring)
MPRegen 0.08/turn               (no ring)

@: no status effects
A: no striking features
a: no special abilities


You were on level 1 of the Dungeon.
You visited 1 branch of the dungeon, and saw 1 of its levels.

You collected 15 gold pieces.

Inventory:

Hand Weapons
 a - a +0 long sword (weapon)
Missiles
 d - 3 throwing nets (quivered)
Armour
 b - a +0 leather armour (worn)
 c - a +0 helmet (worn)
Jewellery
 f - a +6 ring of intelligence
Potions
 e - a potion of berserk rage {unknown}


   Skills:
 + Level 2.2 Fighting
 + Level 3.1 Long Blades
 - Level 2.0 Throwing
 + Level 0.6 Armour
 + Level 3.1 Dodging


You had one spell level left.
You didn't know any spells.
Your spell library was empty.

Dungeon Overview and Level Annotations

Branches:
Dungeon (1/15)

Altars:


Message History

A kobold comes into view. It is wielding a +0 whip.
The hobgoblin shouts!
You hear an angry hiss.
A ball python comes into view.
The ball python hisses angrily.
The kobold barely misses you.
You closely miss the kobold.
The hobgoblin hits you but does no damage.
The kobold closely misses you. The hobgoblin misses you.
You closely miss the kobold. The kobold hits you but does no damage.
The hobgoblin closely misses you. The kobold closely misses you.
You hit the kobold.
The kobold is moderately wounded.
The hobgoblin closely misses you. The kobold hits you but does no damage.
The ball python barely misses you. x2
You hit the ball python but do no damage.
The ball python barely misses you. The ball python grabs you.
The ball python constricts you.
You barely miss the ball python.
The ball python bites you but does no damage.
The ball python constricts you. The ball python closely misses you.
The ball python constricts you.
You closely miss the ball python. The ball python barely misses you.
The ball python constricts you.
You closely miss the ball python. The ball python barely misses you.
The ball python constricts you. The ball python bites you.
The ball python constricts you.
You slash the ball python!
You kill the ball python!
You closely miss the kobold. The kobold misses you.
You slash the kobold!
You kill the kobold!
You closely miss the hobgoblin. The hobgoblin barely misses you.
You slash the hobgoblin!
You kill the hobgoblin!
f - a +6 ring of intelligence
Things that are here:
a +0 whip; a hobgoblin corpse; a ball python corpse
Okay, then.
A frilled lizard comes into view.
Are you sure you want to abandon this character and quit the game? (Confirm with "yes".)

#.# #.# #.# #.#
#.# #.# #.# #.#
#.# #.# #.# #.#
#.# .. #@#
....###.##
#......#
#####..# #
#..#.##.#
##......#
#.............
#..##..l.......
#..........


You could see a frilled lizard (wandering).

Vanquished Creatures
  A giant cockroach (D:1)
  A goblin (D:1)
  3 hobgoblins (D:1)
  A ball python (D:1)
  2 kobolds (D:1)
  A rat (D:1)
9 creatures vanquished.

Notes
Turn   | Place    | Note
-------+----------+-------------------------------------------
     0 | D:1      | Neuros91 the Human Gladiator began the quest for the Orb.
     0 | D:1      | Reached XP level 1. HP: 16/16 MP: 1/1
   414 | D:1      | Reached XP level 2. HP: 20/22 MP: 2/2
   442 | D:1      | Quit the game

Illustrated notes

Levels and vault maps discovered:
D:1:      dpeg_arrival_prison, layout_rooms

Action                   || total
-------------------------++-------
Melee: Long sword        ||    32
Armor: Leather armour    ||     9
Dodge: Dodged            ||    29
